Map: Ever Dream LE

Players

SAM - Winner!

  • Race: Zerg Zerg
  • League: Gold
  • Spawn Location: 1:00

JohnnyV

  • Race: Terran Terran
  • League: Silver
  • Spawn Location: 7:00

VOD

Have the link to the VOD?

Description

Time

  • Played on: May 18, 2020, 3:03 p.m.
  • Length: 11:15
Show
View Real Time Build Order
Export as new Build Order

SAM Zerg - Winner!

Build Orders: Hatch First 

Get SALT Encoding   

  12  0:00  Drone  
  13  0:13  Overlord  
  13  0:17  Drone  
  14  0:31  Drone x2  
  16  0:49  Hatchery  
  15  0:53  Drone  
  15  0:56  Drone  
  17  1:03  Drone  
  18  1:11  Extractor  
  18  1:16  Spawning Pool  
  16  1:19  Drone  
  16  1:23  Drone  
  18  1:34  Drone  
  19  1:44  Overlord  
  19  2:03  Zergling x6  
  19  2:04  Queen  
  19  2:05  Queen  
  26  2:12  Metabolic Boost  
  26  2:17  Drone  
  27  2:36  Drone x2  
  29  2:43  Baneling Nest  
  29  2:44  Drone  
  29  2:51  Overlord  
  29  2:52  Drone x2  
  31  3:18  Zergling x10  
  31  3:19  Zergling x2  
  37  3:22  Drone  
  37  3:25  Hatchery  
  37  3:33  Lair  
  37  3:34  Drone  
  37  3:35  Drone  
  40  3:48  Drone x3  
  40  3:49  Drone x2  
  40  3:53  Extractor  
  40  3:54  Extractor  
  42  3:59  Queen  
  39  4:19  Zergling x2  
  39  4:20  Zergling x10  
  41  4:40  Drone x3  
  44  5:03  Queen  
  44  5:04  Drone x3  
  49  5:10  Spire  
  49  5:12  Drone  
  49  5:14  Drone  
  50  5:17  Overlord x4, Extractor  
  50  5:20  Spore Crawler  
  48  5:22  Spore Crawler  
  48  5:23  Queen  
  44  5:58  Drone x5  
  44  6:04  Queen  
  49  6:06  Drone x4  
  49  6:07  Drone x5  
  60  6:15  Drone  
  60  6:16  Drone x2  
  63  6:19  Drone x4  
  63  6:24  Baneling x2  
  63  6:25  Baneling x4  
  67  6:45  Extractor  
  66  6:54  Drone x5  
  68  6:57  Overlord x3  
  65  7:10  Zergling x12  
  65  7:11  Zergling x4  
  73  7:23  Mutalisk  
  73  7:24  Mutalisk x7  
  73  7:25  Mutalisk x3  
  91  7:44  Mutalisk  
  91  7:45  Mutalisk  
  95  8:03  Drone  
  96  8:08  Extractor  
  96  8:11  Mutalisk  
  96  8:12  Mutalisk x2  
  97  8:14  Overlord x5  
  97  8:17  Hatchery  
  94  8:42  Zergling x8  
  94  8:43  Zergling x20  
  108  8:49  Roach Warren  
  107  9:02  Hatchery  
  106  9:29  Baneling x6  
  106  9:30  Baneling x3  
  106  9:31  Zergling x12  
  107  9:32  Zergling x16  
  107  9:33  Baneling  
  107  9:34  Baneling x8  
  120  9:44  Drone x3  
  123  9:54  Baneling  
  123  9:55  Baneling x6  
  123  9:56  Baneling x7  
  123  10:02  Queen  
  123  10:05  Drone x3  
  128  10:15  Zergling x10  
  128  10:16  Zergling x16  
  141  10:38  Evolution Chamber  
Show
View Real Time Build Order
Export as new Build Order

JohnnyV Terran 

Build Orders: Liberator Opening 

Get SALT Encoding   

  12  0:01  SCV  
  13  0:13  SCV  
  14  0:18  Supply Depot  
  14  0:26  SCV  
  15  0:29  Refinery  
  15  0:41  Barracks  
  15  0:45  SCV  
  16  0:57  SCV  
  17  1:05  Refinery  
  17  1:09  SCV  
  18  1:19  Barracks  
  18  1:22  SCV  
  19  1:29  Reaper  
  19  1:32  Supply Depot  
  20  1:43  SCV  
  21  1:54  Bunker  
  21  1:58  SCV  
  22  2:02  Reaper  
  22  2:07  Reaper  
  24  2:16  Factory  
  24  2:17  SCV  
  25  2:50  Barracks Reactor  
  25  2:52  Barracks Tech Lab  
  25  2:53  Orbital Command  
  24  3:03  Hellion  
  26  3:13  Engineering Bay  
  26  3:15  Marine  
  27  3:25  Widow Mine  
  29  3:27  Starport  
  29  3:31  Combat Shield  
  29  3:33  Marine x2  
  31  3:42  Supply Depot  
  31  4:02  Barracks Reactor  
  31  4:03  Marine  
  31  4:05  Liberator  
  31  4:07  Hellion x2  
  34  4:31  Command Center  
  34  4:45  Marine x2  
  36  4:48  Hellion  
  38  4:56  Hellion  
  36  5:02  Marine  
  36  5:03  Marine  
  36  5:05  Supply Depot  
  38  5:16  Marine  
  39  5:26  Marine  
  39  5:27  Medivac  
  42  5:35  Supply Depot  
  42  5:40  Supply Depot  
  39  6:01  Marine  
  40  6:07  Missile Turret  
  40  6:11  Missile Turret  
  40  6:17  Missile Turret  
  40  6:19  Missile Turret  
  40  6:32  Missile Turret  
  40  6:37  Starport Reactor  
  40  6:45  Marine x2  
  40  6:46  Factory Tech Lab  
  42  6:47  Concussive Shells  
  42  6:54  Missile Turret  
  42  7:06  Sensor Tower  
  39  7:16  Orbital Command  
  39  7:17  Bunker  
  39  7:26  Marine x3  
  39  7:44  Marine x3  
  32  7:45  Siege Tank  
  32  7:46  Viking  
  32  7:49  SCV x2  
  42  8:01  SCV x2  
  44  8:07  Engineering Bay  
  44  8:10  Engineering Bay, Marine x2  
  47  8:13  SCV  
  47  8:16  Marauder  
  47  8:17  Stimpack  
  44  8:36  SCV x2  
  45  8:46  Missile Turret  
  45  8:48  SCV  
  46  8:50  Terran Infantry Weapons Level 1, Missile Turret  
  46  8:55  Marine x3  
  49  9:00  SCV  
  50  9:04  Siege Tank  
  50  9:07  Missile Turret  
  53  9:10  Terran Infantry Armor Level 1  
  53  9:12  SCV  
  53  9:13  Hi-Sec Auto Tracking  
  53  9:14  Marine  
  55  9:30  Marine x2  
  57  9:32  Marine  
  57  9:36  SCV x2  
  60  9:43  Armory x2  
  60  9:47  Marine  
  60  9:48  SCV x2  
  60  9:49  Cyclone  
  66  9:53  Medivac  
  68  10:15  Marine x2  
  68  10:16  Marine  
  71  10:23  SCV x2  
  73  10:33  Marine x3  
  76  10:35  SCV  
  76  10:36  SCV  
Tags
 
Add a new tag
Caveats
  • Supply blocks, unpowered buildings, or Contaminate may cause inaccurate times.
  • Supply counts are checked every 10 seconds.